 Dungeon Crawl Stone Soup version 0.20-a0-936-gaf809b6 (webtiles) character file.

321066 Deemzul the Black Belt (level 21, 0/148 HPs)
             Began as an Octopode Fighter on Mar 30, 2017.
             Was the Champion of Dithmenos.
             Slain by a naga ritualist
             ... wielding a +0 dagger of venom
              (4 damage)
             ... on level 4 of the Snake Pit.
             The game lasted 02:12:44 (55436 turns).

Deemzul the Black Belt (Octopode Fighter)          Turns: 55436, Time: 02:12:45

Health: 0/148      AC:  7    Str: 19      XL:     21   Next: 88%
Magic:  32/32      EV: 31    Int: 17 (18) God:    Dithmenos [******]
Gold:   2604       SH: 21    Dex: 20 (22) Spells: 27/35 levels left

rFire    . . .     SeeInvis +     - Unarmed
rCold    + + .     Gourm    .   S - +1 large shield "Wugiteim" {Str+2}
rNeg     + . .     Faith    .   f - +0 mask of the Dragon {MR+ Slay+3 SInv}
rPois    .         Spirit   .   Y - amulet of regeneration
rElec    +         Reflect  .   m - +5 ring of evasion
rCorr    .         Harm     .   s - +4 ring of protection
MR       ++++.                  F - ring "Izahe" {rElec rN+ MR+}
Stlth    ++++++++++             G - +4 ring of slaying
Regen    0.8/turn               x - ring "Hausopest" {Int+5 Dex+3}
MPRegen  0.3/turn               u - ring of protection from cold
                                l - +3 ring of evasion
                                C - ring of Ycaot {rC+ Slay+4}

@: lethally poisoned (0 -> -2), very slightly contaminated, wreathed by umbra,
constricted
A: almost no armour, stealthy swim, amphibious, 8 rings, constrict 8, tentacle
spike 1, repulsion field 2, slimy green scales 1, camouflage 3, deterioration 1,
magic resistance 1, strong 1, wild magic 1, gelatinous body 1
}: 1/15 runes: barnacled
a: Shadow Step, Shadow Form, Renounce Religion


You were on level 4 of the Snake Pit.
You worshipped Dithmenos.
Dithmenos was exalted by your worship.
You were not hungry.

You visited 8 branches of the dungeon, and saw 38 of its levels.
You visited the Abyss 1 time.
You also visited: Trove, Ossuary and Ice Cave.

You collected 5158 gold pieces.
You spent 2554 gold pieces at shops.

Inventory:

Hand Weapons
 a - a +7 demon trident of piercing
Armour
 f - the +0 mask of the Dragon (worn) {MR+ Slay+3 SInv}
   (You found it in a treasure trove)

   It affects your accuracy and damage with ranged weapons and melee attacks
   (+3).
   It affects your resistance to hostile enchantments.
   It lets you see invisible.
 S - the +1 large shield "Wugiteim" (worn) {Str+2}
   (You took it off Louise on level 15 of the Dungeon)

   It affects your strength (+2).
Jewellery
 l - a +3 ring of evasion (on tentacle)
 m - a +5 ring of evasion (left tentacle)
 p - an uncursed amulet of the gourmand
 s - a +4 ring of protection (right tentacle)
 u - a ring of protection from cold (on tentacle)
 x - the ring "Hausopest" (on tentacle) {Int+5 Dex+3}
   (You found it on level 14 of the Dungeon)

   [ring of intelligence]

   It affects your intelligence (+5).
   It affects your dexterity (+3).
 C - the ring of Ycaot (on tentacle) {rC+ Slay+4}
   (You bought it in a shop on level 4 of the Snake Pit)

   [ring of protection from cold]

   It affects your accuracy and damage with ranged weapons and melee attacks
   (+4).
   It protects you from cold.
 F - the ring "Izahe" (on tentacle) {rElec rN+ MR+}
   (You bought it in a shop on level 4 of the Snake Pit)

   [ring of protection from magic]

   It insulates you from electricity.
   It protects you from negative energy.
   It affects your resistance to hostile enchantments.
 G - a +4 ring of slaying (on tentacle)
 I - an uncursed ring of positive energy
 V - an uncursed ring of teleportation
 Y - an amulet of regeneration (around mantle)
Wands
 h - a wand of acid (7/15)
 n - a wand of lightning (8/15)
 q - a wand of iceblast (5/15)
 v - a wand of paralysis (14/24)
 A - a wand of digging (10/24)
 J - a wand of acid (5/15)
 K - a wand of paralysis (2/24)
 Q - a wand of iceblast (7/15)
 U - a wand of digging (18/24)
 W - a wand of iceblast (9/15)
 X - a wand of confusion (16/48)
Scrolls
 e - 13 scrolls of teleportation
 g - 9 scrolls of magic mapping
 i - 16 scrolls of remove curse
 y - 7 scrolls of fear
 B - 5 scrolls of fog
 D - a scroll of blinking
 E - 3 scrolls of recharging
 H - 8 scrolls of holy word
 L - a scroll of amnesia
 R - 12 scrolls of identify
Potions
 b - 3 potions of flight
 c - 3 potions of might
 d - 5 potions of magic
 j - 12 potions of curing
 r - 4 potions of resistance
 t - 8 potions of haste
 w - 10 potions of heal wounds
 z - a potion of agility
 M - 2 potions of invisibility
 O - a potion of brilliance
 P - 4 potions of ambrosia
 T - a potion of cancellation
Miscellaneous
 N - a fan of gales
 Z - 2 sacks of spiders
Comestibles
 k - 20 meat rations
 o - 23 bread rations


   Skills:
 + Level 14.0 Fighting
 + Level 14.4 Dodging
 + Level 18.7 Stealth
 + Level 14.5 Shields
 * Level 18.9 Unarmed Combat
 - Level 7.6 Spellcasting
 - Level 8.4 Transmutations
 - Level 8.1 Earth Magic
 - Level 11.7 Invocations
 - Level 8.4 Evocations


You had 27 spell levels left.
You knew the following spells:

 Your Spells              Type           Power        Failure   Level  Hunger
a - Hydra Form            Tmut           #####.....   99%         6    ######.
b - Passwall              Tmut/Erth      #####.....   3%          2    None


Dungeon Overview and Level Annotations

Branches:
Dungeon (15/15)            Temple (0/1) D:4            Lair (6/6) D:11
 Shoals (4/4) Lair:2        Snake (4/4) Lair:4        Slime (0/5) Lair:5
    Orc (2/2) D:11            Elf (3/3) Orc:2        Vaults (3/5) D:14
 Depths (1/5) D:15
  Crypt: Vaults:2-3

Altars:
Dithmenos
Elyvilon
Ru
Sif Muna
Wu Jian
Beogh
Jiyva

Shops:
D:15 ?   Orc:2 ::[*   Elf:1 !   Snake:4 ==}

Annotations:
D:4 Perturabo's ghost, amateur DsGl
D:15 exclusion: Roxanne, Roxanne
Lair:1 exclusion: 2 oklob plants
Lair:2 exclusion: oklob plant
Shoals:2 Polyphemus
Shoals:4 Ilsuiw
Elf:2 3 runed doors
Vaults:2 Nikola


Innate Abilities, Weirdness & Mutations

You cannot wear most types of armour.
You are very stealthy in the water. (Stealth+)
You are amphibious.
You can wear up to eight rings at the same time.
You can use your tentacles to constrict eight enemies at once.
Your skin perfectly mimics your surroundings (Stealth+++).
Your rubbery body absorbs attacks. (AC +1, EV +1)
One of your tentacles bears a spike.
You are surrounded by a moderate repulsion field. (EV +3)
You are partially covered in slimy green scales. (AC +2)
Your body sometimes deteriorates upon taking damage.
You are resistant to hostile enchantments. (MR+)
Your muscles are strong. (Str +2)
Your spells are a little harder to cast, but a little more powerful.


Message History

You escape the nagaraja's grasp.
You are very lightly contaminated with residual magic.
As you read the scroll of blinking, it crumbles to dust.
You feel sick.
Okay, then.
Unknown command.
You feel sick.
You emit a cloud of dark smoke.
You feel sick.
You feel sick.
You feel sick.
You feel sick.
You feel sick.
The guardian serpent gestures with its tail.
The black mamba blinks!
The naga blinks into view!
The naga ritualist blinks into view!
The nagaraja blinks into view!
The guardian serpent blinks into view!
You block the black mamba's attack.
The naga ritualist hits you with a dagger of venom!
* * * LOW HITPOINT WARNING * * *
The naga ritualist grabs you.
You die...

#..)..).###..#...........^.#
#........#...##............#
#..))........##....)....†...
#.....##....###.............
#....##########.........)...
##..## ###........###... ##..#
###.........## ### ##..##
##NS........## ####
#####...######.S@N..(....# ##...
...............NNN.......# ##....
.........................# #.....
...................§§....# #.....
...................§§....###.....
..........................###.(..
.......................SN.###....
........................N.(##...(
.............................(...


You could see 2 naga warriors, a nagaraja, a naga ritualist, 2 guardian
serpents, a black mamba and a naga.

Vanquished Creatures
  Vashnia (Snake:4)
  Jorgrun (Shoals:3)
  Asterion (Vaults:3)
  A deep elf blademaster (Elf:3)
  4 deep elf master archers (Elf:3)
  A shadow dragon (Vaults:3)
  Kirke (Lair:3)
  3 nagarajas
  A frost giant (D:15)
  Louise (D:15)
  Aizul (Elf:3)
  3 vault wardens
  9 deep elf sorcerers
  2 orc warlords (Orc:2)
  7 deep elf elementalists (Elf:3)
  6 ironheart preservers
  5 stone giants
  Nessos (D:13)
  4 deep elf demonologists (Elf:3)
  Azrael (Elf:1)
  9 deep elf annihilators (Elf:3)
  3 ettins
  Snorg (Orc:1)
  5 deep elf death magi
  6 merfolk javelineers
  9 deep elf high priests
  3 fire dragons
  4 yaktaur captains
  2 merfolk impalers
  Josephine (Orc:1)
  Erolcha (Orc:2)
  17 naga warriors
  A great orb of eyes (Vaults:3)
  7 hydras
  A rakshasa (Vaults:1)
  4 ice dragons
  Fannar (D:11)
  5 anacondas
  6 centaur warriors
  10 ogre magi
  6 catoblepae
  2 alligator snapping turtles
  4 merfolk avatars
  7 death yaks
  4 merfolk aquamancers
  37 two-headed ogres
  A tengu warrior (Shoals:4)
  5 orc high priests
  A death knight (Vaults:2)
  A deep troll shaman (D:15)
  16 dancing weapons
  10 naga sharpshooters
  4 shock serpents
  11 deep elf knights
  Sonja (Lair:1)
  Urug (Lair:4)
  Nergalle (Orc:1)
  4 salamander mystics
  4 skeletal warriors
  4 unseen horrors (shapeshifter)
  8 sea snakes
  An unseen horror (D:11)
  A glowing orange brain (Vaults:1)
  3 deep trolls
  6 naga ritualists
  3 phantasmal warriors
  14 deep elf archers
  8 orc knights
  A flayed ghost (Vaults:2)
  6 wizards
  A large abomination (Abyss:3)
  3 ironbrand convokers
  10 orc sorcerers
  2 necromancers
  11 mana vipers
  17 harpies
  22 ugly things
  45 deep elf magi
  11 cyclopes
  14 manticores
  15 fauns
  15 salamanders
  11 merfolk sirens
  A moth of wrath (shapeshifter) (Depths:1)
  36 black mambas
  12 vault sentinels
  15 elephants
  2 ice statues (IceCv)
  14 naga magi
  An elephant (shapeshifter) (Vaults:1)
  7 guardian serpents
  11 spiny frogs
  3 kobold demonologists
  2 rime drakes
  8 ice devils (IceCv)
  5 komodo dragons
  11 yaktaurs
  3 freezing wraiths
  11 trolls
  2 tengu conjurers
  4 meliai (D:15)
  38 merfolk
  2 wind drakes (shapeshifter)
  A wolf spider simulacrum (Vaults:1)
  2 raiju (shapeshifter)
  2 hornets
  18 slime creatures
  2 wind drakes
  18 dream sheep
  16 snapping turtles
  7 hippogriffs
  15 blink frogs
  A hippogriff (shapeshifter) (Depths:1)
  An air elemental (Elf:3)
  3 shadows (D:11)
  10 water elementals
  A wyvern (D:11)
  10 wraiths
  2 hogs (Lair:3)
  27 yaks
  7 fire elementals
  5 basilisks
  2 vampires
  A basilisk (shapeshifter) (Vaults:2)
  A hungry ghost (D:14)
  A neqoxec (Abyss:3)
  A human simulacrum (Vaults:1)
  8 wargs
  10 vampire mosquitoes
  46 nagas
  A soldier ant (D:15)
  3 water moccasins
  An acid dragon (D:12)
  2 hell hounds (Elf:1)
  6 porcupines
  3 hornet zombies
  48 orc warriors
  5 sky beasts
  A black bear (D:9)
  An eye of draining (D:13)
  9 ice beasts
  23 centaurs
  2 phantoms
  41 ogres
  12 wolves
  10 crocodiles
  9 big kobolds
  18 bullfrogs
  A wyvern zombie (D:10)
  2 earth elementals
  A wyvern skeleton (D:11)
  4 scorpions
  16 killer bees
  10 wights
  5 electric eels (Lair:3)
  6 crimson imps
  3 bullfrog zombies (Ossuary)
  4 centaur zombies
  2 draconian simulacra (IceCv)
  5 hounds
  6 jellies
  37 orc priests
  A quasit (D:10)
  A bullfrog skeleton (D:5)
  A gnoll shaman (Orc:2)
  5 centaur skeletons
  12 mummies (Ossuary)
  3 iguanas
  17 orc wizards
  A troll simulacrum (IceCv)
  10 worker ants
  3 spriggan simulacra (IceCv)
  2 centaur simulacra
  6 hound zombies
  2 howler monkey zombies
  Robin (D:2)
  8 gnolls
  2 howler monkey skeletons
  2 worker ant zombies (Ossuary)
  An ogre simulacrum (IceCv)
  13 adders
  2 naga simulacra (IceCv)
  3 shadow imps
  2 oozes (D:1)
  An adder skeleton (D:9)
  6 adder zombies (Ossuary)
  A dart slug (D:1)
  107 orcs
  A ball python (D:2)
  11 giant cockroaches
  20 goblins
  9 hobgoblins
  16 jackals
  7 quokkas
  9 bats
  4 frilled lizards
  2 jackal zombies (Ossuary)
  35 kobolds
  A leopard gecko zombie (D:7)
  2 quokka skeletons
  2 quokka zombies
  12 rats
  2 crawling corpses (Elf:3)
  3 plants
1554 creatures vanquished.

Vanquished Creatures (collateral kills)
  A vault warden (Vaults:2)
  An ironheart preserver (Vaults:2)
  A deep elf demonologist (Vaults:2)
  A dancing weapon (Elf:1)
  A wizard (Vaults:2)
5 creatures vanquished.

Vanquished Creatures (others)
  A salamander (Snake:3)
  A human (Lair:4)
  8 fungi
  49 plants
  A withered plant (Ossuary)
60 creatures vanquished.

Grand Total: 1619 creatures vanquished

Notes
Turn   | Place    | Note
-------+----------+-------------------------------------------
     0 | D:1      | Deemzul the Octopode Fighter began the quest for the Orb.
     0 | D:1      | Reached XP level 1. HP: 16/16 MP: 1/1
   136 | D:1      | Reached XP level 2. HP: 15/21 MP: 2/2
   301 | D:1      | Reached XP level 3. HP: 13/26 MP: 3/3
   657 | D:2      | Noticed Robin
   951 | D:1      | Reached skill level 1 in Stealth
   951 | D:1      | Reached XP level 4. HP: 29/31 MP: 4/4
  1328 | D:2      | Reached XP level 5. HP: 29/36 MP: 5/5
  2039 | D:2      | Killed Robin
  2824 | D:4      | Reached XP level 6. HP: 43/43 MP: 6/6
  3134 | D:4      | Found a shadowy altar of Dithmenos.
  3151 | D:4      | Became a worshipper of Dithmenos the Shadowed
  3174 | D:4      | Found a staircase to the Ecumenical Temple.
  3270 | D:4      | Noticed Perturabo's ghost (amateur DsGl)
  3719 | D:2      | Found an ornate altar of the Wu Jian Council.
  3880 | D:5      | Entered Level 5 of the Dungeon
  4189 | D:5      | Noticed a sky beast
  4195 | D:5      | Killed a sky beast
  4195 | D:5      | Reached XP level 7. HP: 48/48 MP: 7/7
  4199 | D:5      | Gained mutation: One of your tentacles bears a spike. [mutagenic meat]
  4200 | D:5      | Gained mutation: Your spells are a little easier to cast, but a little less powerful. [mutagenic meat]
  4201 | D:5      | Gained mutation: You are robust. (+10% HP) [mutagenic meat]
  4202 | D:5      | Gained mutation: You are partially covered in slimy green scales. (AC +2) [mutagenic meat]
  4203 | D:5      | Gained mutation: You have a pair of small antennae on your head. [mutagenic meat]
  4204 | D:5      | Gained mutation: Your magical capacity is low. (-10% MP) [mutagenic meat]
  4330 | D:5      | Found a white marble altar of Elyvilon.
  4693 | D:6      | Found a sand-covered staircase.
  4801 | Ossuary  | Entered an ossuary
  4839 | Ossuary  | Reached skill level 5 in Unarmed Combat
  4885 | Ossuary  | Reached XP level 8. HP: 53/59 MP: 7/7
  5252 | Ossuary  | Reached skill level 5 in Shields
  5253 | Ossuary  | Reached * piety under Dithmenos
  5275 | Ossuary  | Reached skill level 5 in Fighting
  5314 | Ossuary  | Reached skill level 5 in Stealth
  5403 | Ossuary  | Reached skill level 5 in Dodging
  5757 | D:6      | Reached ** piety under Dithmenos
  6094 | D:7      | Reached XP level 9. HP: 67/67 MP: 8/8
  7301 | D:9      | Noticed a two-headed ogre
  7659 | D:7      | Lost mutation: Your magical capacity is low. (-10% MP) [potion of mutation]
  7659 | D:7      | Lost mutation: Your spells are a little easier to cast, but a little less powerful. [potion of mutation]
  7659 | D:7      | Lost mutation: You are robust. (+10% HP) [potion of mutation]
  7659 | D:7      | Gained mutation: Your body sometimes deteriorates upon taking damage. [potion of mutation]
  7659 | D:7      | Gained mutation: Your spells are a little harder to cast, but a little more powerful. [potion of mutation]
  7659 | D:7      | Gained mutation: Your muscles are strong. (Str +2) [potion of mutation]
  7686 | D:9      | Killed a two-headed ogre
  7686 | D:9      | Reached XP level 10. HP: 45/69 MP: 10/10
  8270 | D:9      | Noticed a two-headed ogre
  8300 | D:9      | Killed a two-headed ogre
  8570 | D:10     | Entered Level 10 of the Dungeon
  8575 | D:10     | Found a portal to a secret trove of treasure.
  8866 | D:10     | Reached *** piety under Dithmenos
  9411 | D:11     | Noticed a cyan ugly thing
  9484 | D:11     | Noticed a two-headed ogre
  9522 | D:11     | Noticed a kobold demonologist
  9533 | D:11     | Killed a two-headed ogre
  9533 | D:11     | Reached XP level 11. HP: 75/75 MP: 11/11
  9612 | D:10     | Reached skill level 10 in Unarmed Combat
  9825 | D:11     | Noticed a two-headed ogre
  9866 | D:11     | Reached **** piety under Dithmenos
  9906 | D:11     | Noticed a cyclops
 10061 | D:11     | Noticed Fannar
 10071 | D:11     | Killed Fannar
 10071 | D:11     | Reached skill level 10 in Stealth
 10077 | D:11     | Killed a cyclops
 10084 | D:11     | Noticed a deep elf mage
 10084 | D:11     | Noticed an unseen horror
 10088 | D:11     | Killed an unseen horror
 10098 | D:11     | Killed a deep elf mage
 10152 | D:11     | Noticed a cyclops
 10208 | D:11     | Killed a two-headed ogre
 10316 | D:11     | Found a staircase to the Orcish Mines.
 10331 | Orc:1    | Entered Level 1 of the Orcish Mines
 10345 | Orc:1    | Noticed an orc sorcerer
 10361 | Orc:1    | Found a frozen archway.
 10390 | Orc:1    | Reached skill level 1 in Evocations
 10392 | Orc:1    | Reached skill level 1 in Invocations
 10416 | IceCv    | Entered an ice cave
 10586 | IceCv    | Reached XP level 12. HP: 83/83 MP: 13/13
 10903 | IceCv    | Got a warped plate armour
 11156 | Orc:1    | Noticed Josephine
 11168 | Orc:1    | Noticed Nergalle
 11306 | D:11     | Found a roughly hewn altar of Beogh.
 11324 | D:11     | Reached ***** piety under Dithmenos
 11526 | Orc:1    | Killed Josephine
 11622 | Orc:1    | Killed Nergalle
 11671 | Orc:1    | Noticed Snorg
 11685 | Orc:1    | Killed Snorg
 11726 | Orc:1    | Found a roughly hewn altar of Beogh.
 12601 | D:12     | Noticed a fire dragon
 12652 | D:11     | Noticed a seven-headed hydra
 12750 | D:13     | Reached XP level 13. HP: 67/90 MP: 16/16
 12930 | D:13     | Noticed Nessos
 13136 | D:13     | Reached skill level 5 in Invocations
 13456 | D:13     | Identified 2 scrolls of acquirement
 13604 | D:10     | You paid a toll of 2 scrolls of acquirement to enter a treasure trove
 13605 | Trove    | Entered a treasure trove
 13652 | Trove    | Got a polished great sword
 14279 | Orc:2    | Entered Level 2 of the Orcish Mines
 14840 | Orc:2    | Noticed Erolcha
 14845 | Orc:2    | Killed Erolcha
 14851 | Orc:2    | Found a roughly hewn altar of Beogh.
 14917 | Orc:2    | Found Fuseusoa's Antique Armour Boutique.
 14932 | Orc:2    | Bought a runed shield for 172 gold pieces
 15078 | Orc:2    | Found Neuxoegh's Assorted Antiques.
 15099 | Orc:2    | Bought a scroll labeled DOANO XAAPI for 26 gold pieces
 15477 | Orc:2    | Noticed an orc warlord
 15529 | Orc:2    | Reached ****** piety under Dithmenos
 15601 | Orc:2    | Killed an orc warlord
 15601 | Orc:2    | Reached skill level 5 in Evocations
 16172 | Orc:2    | Found a staircase to the Elven Halls.
 16904 | Orc:1    | Reached skill level 10 in Shields
 17286 | Orc:2    | Noticed an orc warlord
 17391 | D:11     | Found a staircase to the Lair.
 17852 | D:14     | Gained mutation: You are frail. (-10% HP) [mutagenic meat]
 17892 | D:14     | Reached XP level 14. HP: 88/88 MP: 18/18
 17927 | D:14     | Got a scintillating lead ring
 17931 | D:14     | Identified the ring "Hausopest" {Int+5 Dex+3} (You found it on level 14 of the Dungeon)
 18110 | D:14     | Reached skill level 10 in Dodging
 18348 | D:14     | Found a gate to the Vaults.
 18358 | D:14     | Reached skill level 10 in Fighting
 18735 | D:14     | Found a sacrificial altar of Ru.
 18858 | D:15     | Entered Level 15 of the Dungeon
 19003 | D:15     | Noticed Louise
 19565 | Orc:2    | Killed an orc warlord
 20286 | Orc:2    | Found a roughly hewn altar of Beogh.
 20335 | Orc:2    | Found Imatsir's Book Boutique.
 20638 | Orc:2    | Found Jiuren's Book Shoppe.
 21090 | Lair:1   | Entered Level 1 of the Lair of Beasts
 21467 | Lair:1   | Noticed Sonja
 21473 | Lair:1   | Killed Sonja
 22148 | Lair:2   | Found a deep blue altar of Sif Muna.
 22188 | Lair:2   | Found a staircase to the Shoals.
 22771 | Lair:3   | Learned a level 1 spell: Beastly Appendage
 23479 | Lair:4   | Found a white marble altar of Elyvilon.
 23576 | Lair:4   | Reached skill level 1 in Spellcasting
 23576 | Lair:4   | Reached skill level 1 in Transmutations
 23635 | Lair:4   | Reached XP level 15. HP: 94/94 MP: 20/20
 23728 | Lair:4   | Noticed Kirke
 23728 | Lair:4   | Noticed Urug
 23808 | Lair:3   | Killed Kirke
 23908 | Lair:4   | Killed Urug
 24167 | Lair:4   | Found a staircase to the Snake Pit.
 24319 | Lair:4   | Learned a level 6 spell: Hydra Form
 24951 | Lair:5   | Found a viscous altar of Jiyva.
 24951 | Lair:5   | Found a staircase to the Slime Pits.
 24980 | Lair:6   | Entered Level 6 of the Lair of Beasts
 25407 | Lair:6   | Identified the Tome of Combat Magic
 27038 | Snake:1  | Entered Level 1 of the Snake Pit
 27263 | Shoals:1 | Entered Level 1 of the Shoals
 27387 | Shoals:1 | Reached XP level 16. HP: 100/100 MP: 22/22
 27650 | Orc:2    | Lost mutation: Your body sometimes deteriorates upon taking damage. [potion of mutation]
 27650 | Orc:2    | Lost mutation: You are frail. (-10% HP) [potion of mutation]
 27650 | Orc:2    | Gained mutation: Potions are less effective at restoring your health. [potion of mutation]
 27650 | Orc:2    | Lost mutation: Your spells are a little harder to cast, but a little more powerful. [potion of mutation]
 27650 | Orc:2    | Gained mutation: You possess an exceptional clarity of mind. [potion of mutation]
 27707 | Elf:1    | Entered Level 1 of the Elven Halls
 28487 | D:15     | Lost mutation: Your muscles are strong. (Str +2) [mutagenic meat]
 28670 | D:15     | Found Viguzo's Magic Scroll Shoppe.
 28748 | D:15     | Noticed Roxanne
 29084 | D:15     | Killed Louise
 29090 | D:15     | Got a slimy large shield
 29102 | D:15     | Identified the +1 large shield "Wugiteim" {Str+2} (You took it off Louise on level 15 of the Dungeon)
 29202 | D:14     | Lost mutation: One of your tentacles bears a spike. [mutagenic meat]
 29203 | D:14     | Gained mutation: You are resistant to electric shocks. (rElec) [mutagenic meat]
 29493 | Elf:1    | Reached skill level 15 in Unarmed Combat
 29555 | Elf:1    | Noticed Azrael
 29600 | Elf:1    | Killed Azrael
 29798 | Elf:1    | Cast into level 3 of the Abyss (a deep elf sorcerer)
 29899 | Abyss:3  | Noticed a tentacled starspawn
 29930 | Abyss:3  | Noticed a tentacled starspawn
 30083 | Elf:1    | Escaped the Abyss
 30118 | Elf:1    | Reached skill level 15 in Stealth
 30436 | Elf:1    | Identified Onkinum's Guide on Earth and Envenoming
 30468 | Elf:1    | Found Wanojuu's Distillery.
 30479 | Elf:1    | Bought a potion of mutation for 96 gold pieces
 30611 | Elf:1    | Lost mutation: You possess an exceptional clarity of mind. [potion of mutation]
 30611 | Elf:1    | Lost mutation: You are resistant to electric shocks. (rElec) [potion of mutation]
 30611 | Elf:1    | Lost mutation: You have a pair of small antennae on your head. [potion of mutation]
 30611 | Elf:1    | Gained mutation: Your spells are a little harder to cast, but a little more powerful. [potion of mutation]
 30612 | Elf:1    | Lost mutation: Your spells are a little harder to cast, but a little more powerful. [potion of mutation]
 30612 | Elf:1    | Lost mutation: Potions are less effective at restoring your health. [potion of mutation]
 30612 | Elf:1    | Gained mutation: Your skin blends seamlessly with your surroundings (Stealth++). [potion of mutation]
 30612 | Elf:1    | Gained mutation: One of your tentacles bears a spike. [potion of mutation]
 30683 | Elf:2    | Found a runed gate.
 30683 | Elf:2    | Found a runed gate.
 30683 | Elf:2    | Found a runed gate.
 30809 | Elf:2    | Learned a level 2 spell: Passwall
 31267 | Elf:3    | Entered Level 3 of the Elven Halls
 31387 | Elf:3    | Reached skill level 1 in Earth Magic
 31615 | Elf:3    | Reached XP level 17. HP: 119/119 MP: 24/24
 32525 | Elf:3    | Noticed a deep elf master archer
 32544 | Elf:3    | Killed a deep elf master archer
 34867 | D:13     | Killed Nessos
 35376 | D:14     | Gained mutation: You are dopey. (Int -2) [mutagenic meat]
 35377 | D:14     | Gained mutation: You are surrounded by a mild repulsion field. (EV +2) [mutagenic meat]
 36076 | Elf:3    | Noticed a deep elf blademaster
 36082 | Elf:3    | Killed a deep elf blademaster
 36260 | Elf:3    | Reached skill level 10 in Invocations
 36923 | Elf:3    | Noticed a deep elf master archer
 36946 | Elf:3    | Killed a deep elf master archer
 37137 | Elf:3    | Noticed a deep elf master archer
 37375 | Elf:3    | Noticed an Ice Fiend
 37379 | Elf:3    | Killed a deep elf master archer
 37423 | Elf:3    | Reached XP level 18. HP: 126/126 MP: 25/25
 37634 | Elf:3    | Identified the Tome of the Dusty Blaze
 37695 | Elf:3    | Noticed a deep elf master archer
 37696 | Elf:3    | Reached skill level 5 in Transmutations
 37709 | Elf:3    | Killed a deep elf master archer
 37954 | Elf:3    | Noticed Aizul
 37967 | Elf:3    | Killed Aizul
 38562 | Elf:3    | Noticed an Ice Fiend
 39902 | Shoals:2 | Noticed Jorgrun
 39907 | Shoals:2 | Noticed Polyphemus
 40112 | Shoals:2 | Reached skill level 5 in Earth Magic
 40203 | Shoals:2 | Reached skill level 5 in Spellcasting
 40700 | Shoals:3 | Killed Jorgrun
 40885 | Shoals:4 | Entered Level 4 of the Shoals
 41066 | Shoals:4 | Noticed Ilsuiw
 41117 | Shoals:4 | Reached XP level 19. HP: 96/133 MP: 27/27
 42472 | Shoals:4 | Got a barnacled rune of Zot
 43247 | Vaults:1 | Entered Level 1 of the Vaults
 43727 | D:14     | Gained mutation: You are very dopey. (Int -4) [mutagenic meat]
 43728 | D:14     | Lost mutation: You are very dopey. (Int -4) [mutagenic meat]
 43729 | D:14     | Lost mutation: You are dopey. (Int -2) [mutagenic meat]
 43730 | D:14     | Gained mutation: Your body sometimes deteriorates upon taking damage. [mutagenic meat]
 44717 | Vaults:1 | Gained mutation: Your spells are a little harder to cast, but a little more powerful. [mutagenic meat]
 44718 | Vaults:1 | Gained mutation: You are resistant to hostile enchantments. (MR+) [mutagenic meat]
 45020 | Vaults:1 | Gained mutation: You are frail. (-10% HP) [mutagenic meat]
 45579 | Vaults:2 | Gained mutation: Your muscles are strong. (Str +2) [mutagenic meat]
 45707 | Vaults:2 | Reached XP level 20. HP: 126/126 MP: 29/29
 45793 | Vaults:2 | Noticed Nikola
 45868 | Vaults:2 | Noticed a Tzitzimitl
 46546 | Vaults:3 | Noticed Asterion
 46559 | Vaults:3 | Killed Asterion
 47553 | Vaults:2 | Lost mutation: You are frail. (-10% HP) [mutagenic meat]
 47554 | Vaults:2 | Gained mutation: Your skin perfectly mimics your surroundings (Stealth+++). [mutagenic meat]
 49106 | D:15     | Found a staircase to the Depths.
 49132 | Depths:1 | Entered Level 1 of the Depths
 49844 | Snake:1  | Reached XP level 21. HP: 61/145 MP: 32/32
 51315 | Snake:2  | Gained mutation: You are surrounded by a moderate repulsion field. (EV +3) [mutagenic meat]
 52498 | Snake:4  | Entered Level 4 of the Snake Pit
 54291 | Snake:4  | Found Aphik's Gadget Boutique.
 54291 | Snake:4  | Found Goeph's Jewellery Emporium.
 54292 | Snake:4  | Found Zibiheto's Jewellery Emporium.
 54299 | Snake:4  | Bought the ring "Izahe" {rElec rN+ MR+} for 777 gold pieces
 54299 | Snake:4  | Bought the ring of Ycaot {rC+ Slay+4} for 878 gold pieces
 54312 | Snake:4  | Bought a +5 ring of evasion for 605 gold pieces
 54644 | Snake:4  | Noticed Vashnia
 54846 | Snake:4  | Killed Vashnia
 55436 | Snake:4  | HP: 4/148 [naga ritualist/dagger of venom (13)]
 55436 | Snake:4  | Slain by a naga ritualist

Vault maps used:
D:1:      minmay_arrival_checkered_box, serial_park_tiny_2, minmay_pentomino_r4
D:2:      lemuel_upstairs_altar, uniq_robin
D:3:      first_bread
D:4:      nicolae_overflow_crystal_walls, minmay_temple_entry_mist,
          minmay_misc_feat_nine_boxes, due_unseen_surprise
D:5:      kennysheep_flooded_box, minmay_misc_feat_plants
D:6:      enter_ossuary_3, grunt_ministairs_14
D:9:      grunt_ogre_cave
D:10:     nicolae_trove_entry_crossroad, minivault_26, kennysheep_generic_room_6
D:11:     lair_entry_dummy, minmay_orc_entry_temple_small, minivault_28,
          uniq_fannar
D:12:     minmay_shrinking_squares
D:13:     uniq_nessos
D:14:     david_vaults_1, nicolae_ru_path_of_blood
D:15:     grunt_enter_depths_hoard, patterned_corridor, serial_shops, shop,
          uniq_louise, uniq_roxanne
Lair:1:   minmay_lair_oklob_chamber, uniq_sonja
Lair:2:   shoals_dummy_entry, lemuel_oklob_altar
Lair:3:   serial_bayou_pond_a, infiniplex_staircase_pool, grunt_megastairs_5,
          serial_bayou_shore_a, serial_bayou_shore_b
Lair:4:   dummy_snake_entry, basic_altar, uniq_kirke, uniq_urug
Lair:5:   dpeg_slime_entry_enclosed_altar, grunt_megastairs_1, lemuel_fruit_tree
Lair:6:   evilmike_catoblepas_cave, hibernation_bobbens, grunt_megastairs_2
Shoals:1: nicolae_shoals_flooded_hall
Shoals:2: uniq_jorgrun, uniq_polyphemus
Shoals:4: shoals_end_grunt_garden, shoals_ilsuiw_ice, kb_tengu_band
Snake:1:  hangedman_snake_pattern, grunt_megastairs_3
Snake:3:  nicolae_snake_squiggles
Snake:4:  johnstein_snake_rune_scales, grunt_megastairs_4, minmay_shop_grove
Orc:1:    portal_ice_cave_entry_ice_beasts, lemuel_statue_altar, uniq_josephine,
          uniq_snorg, uniq_nergalle
Orc:2:    pubby_orc_utopia, serial_shops, uniq_erolcha
Elf:1:    serial_shops, nicolae_shop_crystal, kennysheep_underground_church,
          minmay_misc_feat_rows, uniq_azrael
Elf:2:    serial_glass, glass_columns_a, glass_columns_a, glass_columns_a,
          glass_columns_c, glass_columns_c, glass_columns_b, feat_on_display
Elf:3:    minmay_elf_hall_hex, uniq_aizul
Vaults:1: vaults_standard_mumra_x, ontoclasm_vaults_tryst, vaults_mumra_chevron,
          v_misc_16, vaults_mumra_chevron_long, st_lattice, v_pattern_4,
          nicolae_vaults_little_squares_1, ontoclasm_vaults_eye
Vaults:2: v_rooms_4, nicolae_vaults_big_ls, nicolae_vaults_network_square,
          v_misc_30, st_smaller_cells, nicolae_vaults_what_the_h,
          ontoclasm_vaults_gateway, v_misc_29, nicolae_vaults_rhombus_6,
          uniq_nikola
Vaults:3: v_rooms_6, v_rooms_6, ontoclasm_vaults_ring_large,
          dpeg_vaults_monster_box, v_misc_1, nicolae_vaults_asterisk,
          kb_rosetta, nicolae_vaults_network_s, vaults_dpeg_ring,
          ontoclasm_vaults_ring_large, ontoclasm_vaults_twist,
          nicolae_vaults_ring_of_whatevers, grunt_vaults_diagonal,
          nicolae_vaults_little_squares_3, nicolae_vaults_alarming,
          uniq_asterion
Depths:1: minivault_11, grunt_hell_entry_dis_mu, minivault_1,
          hangedman_blasphemy
Abyss:3:  hangedman_decor_peaks_small
Trove:    trove_simple
Ossuary:  ossuary_zaba_flooded
IceCv:    ice_cave_tombish

Skill      XL: |  1  2  3  4  5  6  7  8  9 10 11 12 13 14 15 16 17 18 19 20 21 |
---------------+----------------------------------------------------------------+-----
Stealth        | 1 3 4 6 8 9 10 11 12 13 14 15 16 17 18 | 18.7
Unarmed Combat | 3 4 5 6 8 9 10 11 12 13 14 15 16 17 18 | 18.9
Shields        | 4 5 6 7 8 9 10 11 12 13 14 | 14.5
Fighting       | 4 5 6 7 8 9 10 11 12 13 14 | 14.0
Dodging        | 4 5 6 7 8 9 10 11 12 13 14 | 14.4
Evocations     | 1 4 5 7 8 |  8.4
Invocations    | 1 4 5 6 7 9 10 11 | 11.7
Spellcasting   | 1 2 3 5 6 7 |  7.6
Transmutations | 1 2 4 5 7 8 |  8.4
Earth Magic    | 1 3 5 6 7 8 |  8.1

Action                   |  1- 3 |  4- 6 |  7- 9 | 10-12 | 13-15 | 16-18 | 19-21 || total
-------------------------+-------+-------+-------+-------+-------+-------+-------++-------
Melee: Unarmed           |    63 |   206 |   251 |   455 |   983 |   820 |  1315 ||  4093
       Constrict         |    13 |    48 |    60 |    65 |   180 |   182 |   188 ||   736
       Tentacles         |    15 |    42 |    58 |   100 |   261 |   263 |   425 ||  1164
       Punch             |       |     3 |    15 |    47 |   123 |   155 |   262 ||   605
       Kick              |       |       |   104 |   178 |   436 |   354 |   709 ||  1781
       Demon trident     |       |       |       |       |       |       |     4 ||     4
 Cast: Passwall          |       |       |       |       |       |       |     2 ||     2
Invok: Shadow Step       |       |       |       |     1 |     2 |     1 |     1 ||     5
       Shadow Form       |       |       |       |       |     1 |     1 |     1 ||     3
Evoke: Wand              |       |       |       |     4 |     4 |     5 |     2 ||    15
       Sack of spiders   |       |       |       |       |       |     1 |     2 ||     3
  Use: Scroll            |       |     3 |     2 |    10 |    12 |    12 |     6 ||    45
       Potion            |       |       |     8 |     3 |     1 |    12 |     2 ||    26
 Stab: Sleeping          |     5 |    23 |    16 |    46 |    85 |    46 |    67 ||   288
       Distracted        |       |     2 |     2 |     4 |    16 |    24 |    18 ||    66
       Invisible         |       |       |       |       |     3 |     7 |     1 ||    11
       Paralysed         |       |       |       |       |     3 |       |     2 ||     5
       Petrifying        |       |       |       |       |     1 |       |       ||     1
  Eat: Chunk             |       |     9 |    15 |    15 |    46 |    59 |    60 ||   204
       Royal jelly       |       |       |     2 |       |       |       |     1 ||     3
       Fruit             |       |       |       |     1 |       |     3 |    10 ||    14
Armor: Skin              |     7 |    19 |    39 |    35 |    41 |    30 |    26 ||   197
Dodge: Dodged            |    34 |    88 |    80 |   216 |   466 |   284 |   604 ||  1772
Block: Shield            |    23 |    80 |    98 |   182 |   378 |    70 |       ||   831
       Large shield      |       |       |       |       |       |   377 |  1063 ||  1440
